 Dungeon Crawl Stone Soup version 0.28-a0-664-gc179e30c89 (webtiles) character file.

Game seed: 4522920988417306006

290 KristoblXynda the Ducker (level 6, -1/32 HPs)
             Began as a Spriggan Gladiator on Oct 15, 2021.
             Succumbed to a scorpion's poison
             ... on level 4 of the Dungeon.
             The game lasted 00:05:55 (4824 turns).

KristoblXynda the Ducker (Spriggan Gladiator)       Turns: 4824, Time: 00:05:55

Health: -1/32      AC:  3    Str: 12    XL:     6   Next: 9%
Magic:  4/7        EV: 20    Int:  9    God:
Gold:   141        SH:  0    Dex: 17    Spells: 5/5 levels left

rFire   + . .      SeeInvis +   p - +1 dagger (vamp)
rCold   + . .      Faith    .   (shield restricted)
rNeg    . . .      Spirit   +   b - +0 robe
rPois   +          Reflect  .   c - +0 hat
rElec   +          Harm     .   g - +0 cloak
rCorr   +          Rampage  .   (gloves unavailable)
Will    +....                   (boots unavailable)
Stlth   +++.......              n - amulet of guardian spirit
HPRegen 0.10/turn               (no ring)
MPRegen 0.10/turn               (no ring)

@: brilliant, lethally poisoned (-1 -> -9), resistant, very quick
A: very small, no large weapons, unfitting armour, see invisible, speed 3
a: no special abilities


You were on level 4 of the Dungeon.
You visited 1 branch of the dungeon, and saw 4 of its levels.

You collected 141 gold pieces.

Inventory:

Hand Weapons
 p - a +1 vampiric dagger (weapon)
Missiles
 d - a throwing net (quivered)
Armour
 b - a +0 robe (worn)
 c - a +0 hat (worn)
 g - a +0 cloak (worn)
Jewellery
 n - an amulet of guardian spirit (around neck)
Wands
 o - a wand of digging (4)
Scrolls
 f - a scroll of teleportation {unknown}
 i - a scroll of identify {unknown}
 l - 2 scrolls of magic mapping {unknown}
 m - a scroll of amnesia {unknown}
Potions
 e - a potion of brilliance
 h - a potion of curing {unknown}
 k - a potion of flight {unknown}


   Skills:
 + Level 2.9 Fighting
 + Level 4.7 Short Blades
 - Level 2.0 Throwing
 + Level 5.7 Dodging
 + Level 4.5 Stealth


You had 5 spell levels left.
You didn't know any spells.
Your spell library contained the following spells:

 Spells                   Type           Power      Damage    Failure   Level
 Slow                     Hex            0%         N/A       52%         2
 Confusing Touch          Hex            0%         N/A       77%         3
 Dazzling Flash           Conj/Hex       0%         N/A       77%         3
 Iskenderun's Mystic Bla  Conj/Tloc      0%         2d3       99%         4
 Yara's Violent Unravell  Hex/Tmut       0%         3d3       100%        5
 Starburst                Conj/Fire      0%         6d3       100%        6


Dungeon Overview and Level Annotations

Branches:
Dungeon (4/15)
 Temple: D:4-7

Altars:
Yredelemnul

Shops:
D:1 [   D:3 :


Innate Abilities, Weirdness & Mutations

You are very small and have problems with some larger weapons.
You are too small for most types of armour.
You have supernaturally acute eyesight. (SInv)
You cover ground extremely quickly. (Speed+++)


Message History

You closely miss the hound.
The hound is moderately wounded.
You feel sick. The hound misses you. The scorpion barely misses you.
You closely miss the hound.
The hound is moderately wounded.
You feel sick. The hound completely misses you. The hound misses you.
You miss the hound.
The hound is moderately wounded.
You feel sick. The scorpion stings you!
You are lethally poisoned!
The scorpion poisons you! The hound closely misses you.
You are too injured to fight recklessly!
You are too injured to fight recklessly!
You are too injured to fight recklessly!
You are too injured to fight recklessly!
You are too injured to fight recklessly!
You are too injured to fight recklessly!
You are too injured to fight recklessly!
You are too injured to fight recklessly!
You are too injured to fight recklessly!
You are too injured to fight recklessly!
Unknown command.
You feel very sick. The hound completely misses you.
* * * LOW HITPOINT WARNING * * *
You feel sick.
* * * LOW HITPOINT WARNING * * *
You feel sick.
The hound pauses to sniff the ground.
* * * LOW HITPOINT WARNING * * *
You feel sick.
It was a potion of brilliance.
You feel clever all of a sudden.
* * * LOW HITPOINT WARNING * * *
You feel very sick. The hound closely misses you.
Unknown command.
It was a potion of resistance.
You feel protected.
You die...

#..#..# #..........
##..#..# #.####(####
...#..# #.# #.#
#.#..###.# #.##
#.###........# #.#.##
#........##..##.###.##
#.###s##.##....# #...
#h...##.###.###...
#@##.##$# .#....
#.##..... ....#...
#=......# #.###...
####.#### # ###. #. #.
#.#####. ##.......
........# #......


You could see a scorpion and a hound.

Vanquished Creatures
  A hound (D:2)
  An iguana (D:4)
  Natasha (thrice) (D:3)
  Terence (D:3)
  4 gnolls (D:3)
  3 dart slugs
  7 orcs
  5 endoplasms
  5 giant cockroaches
  7 goblins
  9 hobgoblins
  8 kobolds
  2 quokkas (D:1)
  14 ball pythons
  3 bats
  6 frilled lizards
  4 rats
  A bush (D:2)
84 creatures vanquished.

Vanquished Creatures (others)
  3 plants (D:2)
  A withered plant (D:4)
4 creatures vanquished.

Grand Total: 88 creatures vanquished

Notes
Turn   | Place    | Note
-------+----------+-------------------------------------------
     0 | D:1      | KristoblXynda the Spriggan Gladiator began the quest for
                  | the Orb.
     0 | D:1      | Reached XP level 1. HP: 10/10 MP: 2/2
    81 | D:1      | Found Qoitzust's Armour Emporium.
   424 | D:1      | Reached skill level 1 in Stealth
   610 | D:1      | Reached XP level 2. HP: 15/15 MP: 3/3
   800 | D:1      | Reached XP level 3. HP: 12/18 MP: 4/4
  1097 | D:1      | Found a faded altar of an unknown god.
  1328 | D:2      | Reached XP level 4. HP: 8/23 MP: 5/5
  2932 | D:3      | Noticed Terence
  2993 | D:3      | HP: 1/23 [Terence (3)]
  3002 | D:3      | HP: 1/23 [Terence (1)]
  3003 | D:3      | Killed Terence
  3004 | D:3      | Reached skill level 5 in Dodging
  3530 | D:3      | Reached XP level 5. HP: 18/27 MP: 3/6
  4090 | D:3      | Noticed Natasha
  4097 | D:3      | Killed Natasha
  4139 | D:3      | Found Wytecvimp's Book Shop.
  4303 | D:3      | Noticed Natasha
  4313 | D:3      | Killed Natasha
  4366 | D:3      | Noticed Natasha
  4391 | D:3      | Killed Natasha
  4596 | D:4      | Reached XP level 6. HP: 23/32 MP: 4/7
  4760 | D:4      | Found a basalt altar of Yredelemnul.
  4823 | D:4      | HP: 1/32 [poisoned by a scorpion]
  4824 | D:4      | Succumbed to a scorpion's poison

Illustrated notes

Levels and vault maps discovered:
D:1:      minmay_arrival_three_doors, layout_rooms, serial_shops,
          nicolae_shop_trees, hellmonk_ecumenical_altar_inner_sanctum
D:2:      layout_basic, serial_forest, infiniplex_forest_end_2,
          infiniplex_forest_straight_5, infiniplex_forest_lined_3,
          infiniplex_forest_straight_3, infiniplex_forest_clump_long,
          infiniplex_forest_end_3, chequers_serial_rivers_small_3,
          minmay_hexomino_p4
D:3:      layout_basic, serial_shops, nicolae_shop_trees, uniq_terence,
          uniq_natasha
D:4:      layout_loops_ring, yredelemnul_altar_generic,
          mainiacjoe_overflow_divided_tiny, minmay_temple_entry_enclosed_plants,
          kennysheep_generic_room_14, uniq_edmund

Skill      XL: |  1  2  3  4  5 |
---------------+----------------+-----
Stealth        | 1 2 3 4 |  4.5
Fighting       | 2 |  2.9
Short Blades   | 4 |  4.7
Dodging        | 5 |  5.7
Throwing       | |  2.0

Action                   |  1- 3 |  4- 6 || total
-------------------------+-------+-------++-------
Melee: Rapier            |   105 |   255 ||   360
       Dagger            |       |   196 ||   196
Throw: Throwing net      |       |     3 ||     3
  Use: Scroll            |       |     1 ||     1
       Potion            |       |     2 ||     2
 Stab: Sleeping          |     3 |    10 ||    13
       Held in net/web   |       |     2 ||     2
Armor: Robe              |    10 |    24 ||    34
Dodge: Dodged            |   110 |   179 ||   289

Table legend: (Time is in decaauts)
 A = Elapsed time spent in this place.
 B = Non-inter-level travel time spent in this place.
 C = Inter-level travel time spent in this place.
 D = Time resting spent in this place.
 E = Time spent auto-exploring this place.
 F = Levels seen in this place.
 G = Mean time per level.
                   A        B        C        D        E       F      G
               +--------+--------+--------+--------+--------+-----+--------+
         Total |   3904 |   3856 |     48 |   1433 |   1589 |   4 |  976.0 |
       Dungeon |   3904 |   3856 |     48 |   1433 |   1589 |   4 |  976.0 |
               +--------+--------+--------+--------+--------+-----+--------+

Top non-repeatable levels by time:
     D:2: 1375 daAuts
     D:3: 1293 daAuts
     D:1: 1015 daAuts
     D:4: 219 daAuts
